PCL
GRESHAM GOLD SOULS @ LAS VEGAS STARS
08/20/2026
 
TOP OF THE 1ST
Gresham Gold Souls batting - Pitching for Las Vegas Stars : LHP Walter Bamber
Pitching: LHP Walter Bamber
Batting: RHB Pepe Medrano 0-0: Called Strike
0-1: Ball
1-1: Ball
2-1: Swinging Strike
2-2: Ball
3-2: Ground out 5-3 (Groundball, 5)
Batting: RHB Peter Hensley 0-0: Ball
1-0: Called Strike
1-1: Ball
2-1: Ball
3-1: Foul Ball, location: 2F
3-2: Base on Balls
Batting: LHB Vicente Bueno 0-0: Ball
1-0: Ball
2-0: Called Strike
2-1: Ball
3-1: Base on Balls
Peter Hensley to second
Batting: RHB Lorenzo Morín 0-0: Ball
1-0: Called Strike
1-1: Ball
2-1: Foul Ball, location: 2F
2-2: Ball
3-2: DOUBLE (Groundball, 3D)
Peter Hensley scores
Vicente Bueno to third
Batting: RHB Claudio Guerra 0-0: Called Strike
0-1: Ball
1-1: Fly out, F3 (Popup, 3SF)
Batting: RHB Matt Davidson 0-0: Ball
1-0: Ball
2-0: Swinging Strike
2-1: Ball
3-1: Foul Ball, location: 2F
3-2: Base on Balls
Batting: RHB Rob Bailey 0-0: Ball
1-0: Called Strike
1-1: Foul Ball, location: 2F
1-2: Foul Ball, location: 2F
1-2: Fly out, F2 (Popup, 2RF)
Top of the 1st over - 1 run(s), 1 hit(s), 0 error(s), 3 left on base; Gresham 1 - Las Vegas 0
BOTTOM OF THE 1ST
Las Vegas Stars batting - Pitching for Gresham Gold Souls : RHP Martín Ortíz
Pitching: RHP Martín Ortíz
Batting: RHB Douglas Davis 0-0: Ground out 5-3 (Groundball, 56S)
Batting: RHB Brendan Vigors 0-0: SINGLE (Groundball, 56D)
Batting: RHB Kyle Bacon 0-0: Ball
1-0: Foul Ball, location: 2F
1-1: Called Strike
1-2: Ball
2-2: Foul Ball, location: 2F
2-2: Ball
3-2: Strikes out swinging
Brendan Vigors is caught stealing 2nd base
Batter strikes out.
Bottom of the 1st over - 0 run(s), 1 hit(s), 0 error(s), 0 left on base; Gresham 1 - Las Vegas 0
TOP OF THE 2ND
Gresham Gold Souls batting - Pitching for Las Vegas Stars : LHP Walter Bamber
Batting: LHB Jeff Doss 0-0: Ball
1-0: Ball
2-0: Foul Ball, location: 2F
2-1: Ground out U3 (Groundball, 3)
Batting: RHB Pablo Castillo 0-0: SINGLE (Line Drive, 6MD)
Batting: RHB Pepe Medrano 0-0: Called Strike
0-1: Ball
1-1: Grounds into double play, U4-3 (Groundball, 4)
Top of the 2nd over - 0 run(s), 1 hit(s), 0 error(s), 0 left on base; Gresham 1 - Las Vegas 0
BOTTOM OF THE 2ND
Las Vegas Stars batting - Pitching for Gresham Gold Souls : RHP Martín Ortíz
Batting: LHB Eliot Helen 0-0: Fly out, F8 (Flyball, 8LM)
Batting: RHB Reginaldo Jaconelli 0-0: Fly out, F8 (Flyball, 8RS)
Batting: LHB Fernando De La Cruz 0-0: Ball
1-0: Foul Ball, location: 2F
1-1: Ball
2-1: Ground out 5-3 (Groundball, 5)
Bottom of the 2nd over - 0 run(s), 0 hit(s), 0 error(s), 0 left on base; Gresham 1 - Las Vegas 0
TOP OF THE 3RD
Gresham Gold Souls batting - Pitching for Las Vegas Stars : LHP Walter Bamber
Batting: RHB Peter Hensley 0-0: Called Strike
0-1: Ball
1-1: Swinging Strike
1-2: Strikes out swinging
Batting: LHB Vicente Bueno 0-0: Ball
1-0: Swinging Strike
1-1: Ball
2-1: Foul Ball, location: 2F
2-2: Fly out, F7 (Flyball, 78D)
Batting: RHB Lorenzo Morín 0-0: SINGLE (Groundball, 56)
Batting: RHB Claudio Guerra 0-0: Swinging Strike
0-1: Ground out 5-3 (Groundball, 56S)
Top of the 3rd over - 0 run(s), 1 hit(s), 0 error(s), 1 left on base; Gresham 1 - Las Vegas 0
BOTTOM OF THE 3RD
Las Vegas Stars batting - Pitching for Gresham Gold Souls : RHP Martín Ortíz
Batting: RHB José Zúńiga 0-0: Called Strike
0-1: Foul Ball, location: 2F
0-2: Ball
1-2: Foul Ball, location: 2F
1-2: Foul Ball, location: 2F
1-2: Ball
2-2: Fly out, F8 (Flyball, 8LM)
Batting: SHB Esteban Silva 0-0: Ball
1-0: Ball
2-0: Called Strike
2-1: Swinging Strike
2-2: Strikes out swinging
Batting: RHB Ryan Campbell 0-0: Called Strike
0-1: Swinging Strike
0-2: Ball
1-2: Ball
2-2: SINGLE (Groundball, 56D) (infield hit)
Batting: RHB Douglas Davis 0-0: Fielders Choice at 2nd, U6 (Groundball, 6M)
Bottom of the 3rd over - 0 run(s), 1 hit(s), 0 error(s), 1 left on base; Gresham 1 - Las Vegas 0
TOP OF THE 4TH
Gresham Gold Souls batting - Pitching for Las Vegas Stars : LHP Walter Bamber
Batting: RHB Matt Davidson 0-0: Ball
1-0: Foul Ball, location: 2F
1-1: Foul Ball, location: 2F
1-2: Ball
2-2: Ground out 4-3 (Groundball, 4S)
Batting: RHB Rob Bailey 0-0: Called Strike
0-1: Foul Ball, location: 2F
0-2: Ball
1-2: Ball
2-2: Ball
3-2: Ground out 6-3 (Groundball, 6)
Batting: LHB Jeff Doss 0-0: Ball
1-0: Swinging Strike
1-1: Swinging Strike
1-2: Strikes out swinging
Top of the 4th over - 0 run(s), 0 hit(s), 0 error(s), 0 left on base; Gresham 1 - Las Vegas 0
BOTTOM OF THE 4TH
Las Vegas Stars batting - Pitching for Gresham Gold Souls : RHP Martín Ortíz
Batting: RHB Brendan Vigors 0-0: Swinging Strike
0-1: Foul Ball, location: 2F
0-2: Strikes out looking
Batting: RHB Kyle Bacon 0-0: Called Strike
0-1: Ball
1-1: Foul Ball, location: 2F
1-2: Ball
2-2: Ball
3-2: Foul Ball, location: 2F
3-2: DOUBLE (Line Drive, 7LM)
Batting: LHB Eliot Helen 0-0: Ball
1-0: Ball
2-0: Called Strike
2-1: Fly out, F5 (Popup, 5F)
Batting: RHB Reginaldo Jaconelli 0-0: Called Strike
0-1: Fly out, F3 (Popup, 3F)
Bottom of the 4th over - 0 run(s), 1 hit(s), 0 error(s), 1 left on base; Gresham 1 - Las Vegas 0
TOP OF THE 5TH
Gresham Gold Souls batting - Pitching for Las Vegas Stars : LHP Walter Bamber
Batting: RHB Pablo Castillo 0-0: Swinging Strike
0-1: Called Strike
0-2: Ball
1-2: Ball
2-2: Ball
3-2: Foul Ball, location: 2F
3-2: Base on Balls
Pitching: RHP Luis Antonio Martínez
Batting: RHB Pepe Medrano 0-0: Foul Ball, location: 2F
0-1: Ball
1-1: Ball
2-1: Ball
3-1: Base on Balls
Pablo Castillo to second
Batting: RHB Peter Hensley 0-0: Called Strike
0-1: Fielders Choice at 2nd, 1-4 (Groundball, 23)
Pablo Castillo to third
Batting: LHB Vicente Bueno 0-0: Ball
1-0: Foul Ball, location: 2F
1-1: SINGLE (Line Drive, 9S)
Pablo Castillo scores
Peter Hensley to second
Batting: RHB Lorenzo Morín 0-0: Foul Ball, location: 2F
0-1: Ball
1-1: Ball
2-1: Ball
3-1: Called Strike
3-2: SINGLE (Line Drive, 4MD)
Peter Hensley to third
Vicente Bueno to second
Batting: RHB Claudio Guerra 0-0: Ball
1-0: Foul Ball, location: 2F
1-1: Called Strike
1-2: SINGLE (Line Drive, 56)
Peter Hensley scores
Vicente Bueno to third
Lorenzo Morín to second
Batting: RHB Matt Davidson 0-0: Swinging Strike
0-1: Swinging Strike
0-2: Ball
1-2: Ball
2-2: Foul Ball, location: 2F
2-2: Strikes out swinging
Batting: RHB Rob Bailey 0-0: Ball
1-0: Called Strike
1-1: Fly out, F9 (Flyball, 89M)
Top of the 5th over - 2 run(s), 3 hit(s), 0 error(s), 3 left on base; Gresham 3 - Las Vegas 0
BOTTOM OF THE 5TH
Las Vegas Stars batting - Pitching for Gresham Gold Souls : RHP Martín Ortíz
Batting: LHB Fernando De La Cruz 0-0: Foul Ball, location: 2F
0-1: Foul Ball, location: 2F
0-2: Ball
1-2: Ball
2-2: Foul Ball, location: 2F
2-2: Strikes out swinging
Batting: RHB José Zúńiga 0-0: Fly out, F8 (Flyball, 8RM)
Batting: SHB Esteban Silva 0-0: Ball
1-0: Called Strike
1-1: Fly out, F3 (Line Drive, 34)
Bottom of the 5th over - 0 run(s), 0 hit(s), 0 error(s), 0 left on base; Gresham 3 - Las Vegas 0
TOP OF THE 6TH
Gresham Gold Souls batting - Pitching for Las Vegas Stars : RHP Luis Antonio Martínez
Batting: LHB Jeff Doss 0-0: Ball
1-0: Called Strike
1-1: Ball
2-1: Swinging Strike
2-2: Fly out, F9 (Flyball, 89M)
Batting: RHB Pablo Castillo 0-0: DOUBLE (Line Drive, 9LM)
Batting: RHB Pepe Medrano 0-0: Called Strike
0-1: Ground out 6-3 (Groundball, 6)
Batting: RHB Peter Hensley 0-0: Ball
1-0: Foul Ball, location: 2F
1-1: Ball
2-1: Ball
3-1: Called Strike
3-2: SINGLE (Groundball, 15S) (infield hit)
Pablo Castillo to third
Batting: LHB Vicente Bueno 0-0: Fly out, F8 (Flyball, 8RXD)
Top of the 6th over - 0 run(s), 2 hit(s), 0 error(s), 2 left on base; Gresham 3 - Las Vegas 0
BOTTOM OF THE 6TH
Las Vegas Stars batting - Pitching for Gresham Gold Souls : RHP Martín Ortíz
Batting: RHB Ryan Campbell 0-0: Fly out, F4 (Popup, 3DF)
Batting: RHB Douglas Davis 0-0: Called Strike
0-1: Fly out, F8 (Flyball, 8RS)
Batting: RHB Brendan Vigors 0-0: Ball
1-0: Ball
2-0: Foul Ball, location: 2F
2-1: Ball
3-1: Foul Ball, location: 2F
3-2: Foul Ball, location: 2F
3-2: Ground out 4-3 (Groundball, 6M)
Bottom of the 6th over - 0 run(s), 0 hit(s), 0 error(s), 0 left on base; Gresham 3 - Las Vegas 0
TOP OF THE 7TH
Gresham Gold Souls batting - Pitching for Las Vegas Stars : RHP Luis Antonio Martínez
Pitching: LHP Ricardo Díaz
Batting: RHB Lorenzo Morín 0-0: Called Strike
0-1: DOUBLE (Groundball, 5L)
Batting: RHB Claudio Guerra 0-0: Intentional Walk
Batting: RHB Matt Davidson 0-0: Called Strike
0-1: Ball
1-1: Bunt missed!
1-2: Ball
2-2: Strikes out swinging
Batting: RHB Rob Bailey 0-0: Ball
1-0: Fly out, F4 (Popup, 4MD)
Batting: LHB Jeff Doss 0-0: Ball
1-0: Ball
2-0: Ball
3-0: Base on Balls
Lorenzo Morín to third
Claudio Guerra to second
Batting: RHB Pablo Castillo 0-0: Fly out, F7 (Flyball, 7M)
Top of the 7th over - 0 run(s), 1 hit(s), 0 error(s), 3 left on base; Gresham 3 - Las Vegas 0
BOTTOM OF THE 7TH
Las Vegas Stars batting - Pitching for Gresham Gold Souls : RHP Martín Ortíz
Batting: RHB Kyle Bacon 0-0: Ball
1-0: Ball
2-0: Ground out 5-3 (Groundball, 56S)
Batting: LHB Eliot Helen 0-0: Ball
1-0: Fly out, F8 (Flyball, 8RD)
Batting: RHB Reginaldo Jaconelli 0-0: Ground out 6-3 (Groundball, 56)
Bottom of the 7th over - 0 run(s), 0 hit(s), 0 error(s), 0 left on base; Gresham 3 - Las Vegas 0
TOP OF THE 8TH
Gresham Gold Souls batting - Pitching for Las Vegas Stars : LHP Ricardo Díaz
Batting: RHB Pepe Medrano 0-0: Ball
1-0: Called Strike
1-1: Ground out 6-3 (Groundball, 6M)
Batting: RHB Peter Hensley 0-0: Called Strike
0-1: Ball
1-1: Ball
2-1: Foul Ball, location: 2F
2-2: Fly out, F9 (Flyball, 9S)
Batting: LHB Vicente Bueno 0-0: Ball
1-0: Foul Ball, location: 2F
1-1: Foul Ball, location: 2F
1-2: Strikes out swinging
Top of the 8th over - 0 run(s), 0 hit(s), 0 error(s), 0 left on base; Gresham 3 - Las Vegas 0
BOTTOM OF THE 8TH
Las Vegas Stars batting - Pitching for Gresham Gold Souls : RHP Martín Ortíz
Batting: LHB Fernando De La Cruz 0-0: Ball
1-0: Ball
2-0: Foul Ball, location: 2F
2-1: Called Strike
2-2: Ball
3-2: SINGLE (Line Drive, 34)
Batting: RHB José Zúńiga 0-0: Ball
1-0: Called Strike
1-1: Called Strike
1-2: Ball
Wild Pitch!
Fernando De La Cruz to second
2-2: Foul Ball, location: 2F
2-2: Ball
3-2: Fly out, F9 (Flyball, 9M)
Batting: SHB Esteban Silva 0-0: Ball
1-0: Ground out 5-3 (Groundball, 56S)
Fernando De La Cruz to third
Batting: RHB Ryan Campbell 0-0: Ball
1-0: SINGLE (Groundball, 6M)
Fernando De La Cruz scores
Pitching: RHP Jamal Clayton
Batting: RHB Douglas Davis 0-0: SINGLE (Groundball, 34)
Ryan Campbell to second
Runner from 2nd tries for 3rd, SAFE, throw made to third
Batting: RHB Brendan Vigors 0-0: Called Strike
0-1: Ball
1-1: Called Strike
1-2: Foul Ball, location: 2F
1-2: Ball
2-2: Fly out, F8 (Flyball, 8LM)
Bottom of the 8th over - 1 run(s), 3 hit(s), 0 error(s), 2 left on base; Gresham 3 - Las Vegas 1
TOP OF THE 9TH
Gresham Gold Souls batting - Pitching for Las Vegas Stars : LHP Ricardo Díaz
Pitching: RHP Mike Drader
Batting: RHB Lorenzo Morín 0-0: Ball
1-0: Foul Ball, location: 2F
1-1: Ball
2-1: Ball
3-1: Called Strike
3-2: Base on Balls
Batting: RHB Claudio Guerra 0-0: Ball
1-0: Swinging Strike
1-1: Ball
2-1: Foul Ball, location: 2F
2-2: Foul Ball, location: 2F
2-2: Ball
3-2: DOUBLE (Flyball, 9D)
Lorenzo Morín to third
Pinch Hitting: LHB Bill Smith 0-0: Intentional Walk
Pitching: RHP Armando López
Pinch Hitting: RHB Juan López 0-0: Ball
1-0: Foul Ball, location: 2F
1-1: Fly out, F9 (Line Drive, 9D)
Runner from 3rd tags up, SCORES, no throw
Batting: LHB Jeff Doss 0-0: Ball
1-0: Ball
2-0: Called Strike
2-1: Swinging Strike
2-2: Foul Ball, location: 2F
2-2: Fly out, F8 (Flyball, 8LS)
Batting: RHB Pablo Castillo 0-0: Called Strike
0-1: Ball
1-1: Foul Ball, location: 2F
1-2: Foul Ball, location: 2F
1-2: SINGLE (Groundball, 6D)
Claudio Guerra to third
Bill Smith to second
Runner from 3rd tries for Home, SAFE, no throw or cutoff
Batting: RHB Pepe Medrano 0-0: Called Strike
0-1: Ball
1-1: Ground out 2-3 (Groundball, 2L)
Top of the 9th over - 2 run(s), 2 hit(s), 0 error(s), 2 left on base; Gresham 5 - Las Vegas 1
BOTTOM OF THE 9TH
Las Vegas Stars batting - Pitching for Gresham Gold Souls : RHP Jamal Clayton
Now at 3B: Jim Edgar
Now in CF: Bill Smith
Batting: RHB Kyle Bacon 0-0: Fly out, F3 (Popup, 3SF)
Batting: LHB Eliot Helen 0-0: Ball
1-0: Ground out 4-3 (Groundball, 4)
Batting: RHB Reginaldo Jaconelli 0-0: Called Strike
0-1: Swinging Strike
0-2: Ball
1-2: Strikes out swinging
Bottom of the 9th over - 0 run(s), 0 hit(s), 0 error(s), 0 left on base; Gresham 5 - Las Vegas 1
Monday, December 5th, 2016 - OOTP Baseball 17.12 Build 75